Map: Submarine LE

Players

Kermit

  • Race: Protoss Protoss
  • League: Platinum
  • Spawn Location: 11:00

prospeKt - Winner!

  • Race: Zerg Zerg
  • League: Platinum
  • Spawn Location: 5:00

VOD

Have the link to the VOD?

Description

Time

  • Played on: June 11, 2020, 10:29 a.m.
  • Length: 12:40
Show
View Real Time Build Order
Export as new Build Order

Kermit Protoss 

Build Orders: Zealot Archon 

Get SALT Encoding   

  12  0:01  Probe  
  13  0:13  Probe  
  14  0:25  Pylon, Probe  
  15  0:43  Probe  
  15  0:45  Gateway  
  16  0:51  Probe  
  16  0:53  Assimilator  
  17  0:59  Probe  
  18  1:10  Probe  
  19  1:22  Probe  
  20  1:33  Cybernetics Core  
  20  1:46  Nexus  
  20  1:49  Pylon  
  20  1:52  Assimilator  
  20  1:55  Probe  
  21  2:06  Gateway  
  21  2:10  Warp Gate  
  21  2:16  Probe  
  21  2:18  Zealot  
  24  2:28  Probe  
  25  2:40  Probe  
  26  2:49  Stalker  
  28  2:53  Probe  
  28  2:55  Sentry  
  31  3:00  Probe  
  31  3:05  Probe  
  33  3:08  Robotics Facility  
  33  3:12  Probe  
  34  3:17  Probe  
  35  3:21  Twilight Council  
  35  3:24  Probe  
  36  3:29  Probe  
  37  3:36  Probe  
  39  3:41  Probe  
  39  3:48  Probe  
  40  3:51  Charge  
  40  3:53  Probe  
  42  3:55  Observer  
  42  4:02  Gateway  
  42  4:03  Probe  
  42  4:07  Gateway  
  43  4:10  Pylon  
  43  4:16  Sentry  
  45  4:17  Pylon  
  45  4:31  Probe x2  
  47  4:40  Assimilator  
  47  4:41  Stalker x2  
  47  4:43  Probe x2  
  47  4:44  Assimilator  
  53  4:55  Probe  
  54  5:09  Zealot x3  
  54  5:10  Zealot  
  62  5:19  Pylon x2  
  62  5:21  Pylon  
  62  5:25  Templar Archives  
  62  5:39  Zealot x4  
  70  5:49  Probe x2  
  68  6:24  High Templar x2  
  68  6:25  High Templar x2  
  68  6:32  Archon  
  70  6:36  Archon  
  54  7:02  High Templar x4  
  60  7:10  Archon  
  60  7:11  Archon  
  60  7:13  Probe x2  
  62  7:26  Nexus  
  62  7:27  Pylon  
  62  7:29  Assimilator  
  62  7:32  Forge  
  62  7:33  Assimilator  
  62  7:36  Forge  
  62  7:37  Probe x2  
  62  7:40  Gateway  
  62  7:42  Gateway  
  62  7:43  High Templar  
  62  7:44  High Templar x2  
  70  7:45  Gateway  
  70  7:46  Zealot  
  70  7:47  Gateway  
  72  7:53  Pylon  
  72  7:55  Archon  
  72  8:00  Probe x2  
  72  8:01  Protoss Ground Weapons Level 1  
  72  8:04  Protoss Ground Armor Level 1  
  74  8:07  Observer  
  74  8:12  Probe  
  76  8:13  High Templar  
  76  8:18  Archon  
  79  8:20  Probe  
  79  8:24  Probe  
  80  8:32  Probe  
  81  8:36  Probe  
  81  8:38  Probe  
  81  8:40  High Templar  
  85  8:43  Zealot x6  
  85  8:44  Probe  
  85  8:48  Observer, Probe  
  100  9:01  Probe  
  100  9:02  Probe x2  
  103  9:05  High Templar x2  
  103  9:08  Zealot x3  
  103  9:09  Zealot x2  
  116  9:11  Archon  
  116  9:14  Probe  
  117  9:23  Pylon  
  117  9:25  Pylon  
  117  9:27  Pylon  
  117  9:28  Pylon  
  117  9:35  Gateway  
  117  9:37  Gateway  
  117  9:41  Gateway  
  117  9:42  Probe  
  118  9:48  High Templar x2  
  118  9:49  High Templar x3  
  128  10:00  Archon x2, Protoss Ground Armor Level 2, Protoss Ground Weapons Level 2  
  128  10:02  Zealot, Archon  
  128  10:03  Zealot x2  
  134  10:12  Pylon  
  134  10:14  Pylon  
  134  10:18  Pylon  
  134  10:19  Pylon  
  134  10:21  Pylon  
  134  10:24  Pylon  
  134  10:26  High Templar x2  
  138  10:29  Zealot  
  138  10:30  Zealot x5  
  138  10:33  Archon  
  150  10:50  Pylon  
  150  10:53  Pylon, Warp Prism  
  150  10:56  High Templar x3  
  158  11:02  Nexus, Zealot x7  
  158  11:03  Pylon, Zealot  
  174  11:05  Pylon, Archon  
  174  11:06  Assimilator  
  174  11:10  Assimilator  
  105  11:35  High Templar  
  105  11:36  High Templar x3  
  105  11:39  Zealot x4  
  95  11:40  Zealot x3  
  95  11:44  Archon  
  95  11:45  Archon  
  87  11:55  Probe  
  87  11:56  Probe x2  
  87  12:01  Observer  
  82  12:08  Probe x2  
  81  12:12  High Templar x4  
  87  12:16  Zealot x5  
  87  12:17  Zealot x2  
  87  12:19  Archon x2  
Show
View Real Time Build Order
Export as new Build Order

prospeKt Zerg - Winner!

Build Orders: Hatch First, Lurkers, Roach Hydra 

Get SALT Encoding   

  12  0:01  Drone  
  13  0:11  Drone  
  14  0:18  Overlord  
  14  0:24  Extractor  
  14  0:25  Drone  
  15  0:37  Drone  
  16  0:44  Drone  
  17  0:52  Hatchery  
  17  0:56  Drone  
  17  1:05  Drone  
  18  1:14  Spawning Pool  
  18  1:17  Drone  
  18  1:27  Drone  
  18  1:30  Extractor  
  18  1:38  Drone  
  19  1:48  Drone  
  20  2:00  Drone  
  21  2:04  Overlord, Queen x2  
  25  2:10  Drone  
  25  2:15  Drone  
  27  2:22  Drone  
  28  2:27  Drone  
  29  2:33  Drone  
  30  2:40  Overlord, Queen  
  30  2:42  Drone  
  33  2:46  Lair  
  33  2:47  Drone  
  34  2:56  Drone  
  35  2:59  Zergling x2  
  35  3:04  Zergling x2  
  37  3:12  Drone  
  38  3:16  Hatchery, Overlord  
  38  3:17  Drone x2  
  38  3:18  Drone x2  
  41  3:25  Drone x2  
  41  3:26  Drone  
  44  3:36  Drone  
  44  3:37  Drone  
  46  3:43  Roach Warren, Drone  
  46  3:45  Evolution Chamber  
  44  3:53  Drone x6  
  50  3:57  Overseer  
  50  4:02  Overlord  
  50  4:06  Drone  
  51  4:19  Overlord  
  51  4:20  Overlord  
  51  4:23  Drone  
  52  4:26  Glial Reconstitution  
  52  4:28  Zerg Missile Weapons Level 1  
  52  4:30  Extractor  
  51  4:35  Roach x3  
  51  4:38  Extractor  
  56  4:47  Drone x8  
  64  4:55  Drone x2  
  66  5:02  Overlord  
  66  5:04  Drone x2  
  66  5:07  Roach x2  
  72  5:09  Drone  
  73  5:21  Extractor  
  73  5:22  Hydralisk Den  
  73  5:23  Drone x2  
  73  5:25  Drone x4  
  77  5:31  Extractor  
  77  5:33  Drone x2, Extractor  
  77  5:40  Roach  
  79  5:45  Hatchery  
  79  5:46  Roach  
  79  5:47  Roach  
  79  5:48  Overlord x3  
  82  5:53  Spine Crawler  
  82  5:54  Spine Crawler  
  80  5:58  Spore Crawler  
  80  6:00  Roach  
  78  6:07  Spine Crawler  
  78  6:08  Spine Crawler  
  78  6:10  Spine Crawler  
  78  6:11  Spine Crawler, Roach x7  
  82  6:19  Spine Crawler  
  82  6:21  Spine Crawler  
  82  6:24  Drone x4  
  82  6:25  Drone  
  77  6:27  Roach  
  77  6:32  Roach  
  71  6:35  Roach  
  70  6:41  Grooved Spines  
  70  6:45  Roach x3  
  74  6:57  Drone x5  
  79  7:08  Roach x3  
  85  7:12  Drone  
  85  7:13  Drone x3  
  85  7:15  Drone x5  
  94  7:20  Drone  
  94  7:21  Overlord x2  
  95  7:24  Overseer  
  95  7:37  Roach x5  
  95  7:39  Drone x3  
  108  7:47  Hydralisk x7  
  108  7:50  Zerg Missile Weapons Level 2  
  122  7:53  Muscular Augments  
  122  7:55  Evolution Chamber  
  122  7:56  Hydralisk x2  
  125  8:07  Drone x3  
  125  8:08  Overlord x4  
  128  8:29  Hydralisk  
  128  8:30  Overlord, Hydralisk x8  
  128  8:33  Drone  
  147  8:42  Drone  
  147  8:43  Drone x7  
  155  8:48  Overseer  
  155  8:56  Hydralisk x2  
  155  8:57  Overlord x4  
  155  8:58  Overlord  
  159  9:11  Overseer  
  159  9:19  Hydralisk x9  
  159  9:22  Drone x3  
  180  9:27  Extractor  
  180  9:28  Extractor  
  178  9:35  Zerg Ground Armor Level 1  
  178  9:39  Drone x10  
  178  9:40  Infestation Pit  
  178  9:41  Hydralisk  
  178  9:42  Hydralisk  
  191  10:05  Hydralisk x4  
  199  10:12  Lurker Den  
  198  10:16  Hive  
  198  10:26  Hydralisk  
  200  10:38  Overseer  
  200  10:44  Hatchery  
  200  10:48  Drone  
  188  11:24  Hydralisk x5  
  188  11:25  Hydralisk  
  150  11:38  Hydralisk  
  150  11:39  Hydralisk x21  
  167  11:54  Lurker  
  167  11:57  Lurker  
  167  11:58  Lurker  
  167  11:59  Lurker  
Tags
 
Add a new tag
Caveats
  • Supply blocks, unpowered buildings, or Contaminate may cause inaccurate times.
  • Supply counts are checked every 10 seconds.